 Dungeon Crawl Stone Soup version 0.16.1-30-g34a7ffa (webtiles) character file.

246 RepoMan the Magician (level 6, 0/36 HPs)
             Began as an Octopode Wizard on Apr 27, 2015.
             Slain by ulk's ghost (16 damage)
             ... on level 3 of the Dungeon on June 16, 2015.
             The game lasted 00:46:27 (4597 turns).

RepoMan the Magician (Octopode Wizard)              Turns: 4597, Time: 00:46:27

Health: 0/36       AC:  1    Str:  6    XL:     6   Next: 11%
Magic:  9/15       EV: 13    Int: 23    God:
Gold:   156        SH:  0    Dex: 10    Spells: 6 memorised, 0 levels left

rFire  . . .     SeeInvis .     h - +0 dagger (venom)
rCold  . . .     Clarity  .     (no shield)
rNeg   . . .     SustAb   .     b - +0 hat
rPois  .         Gourm    .     (no amulet)
rElec  .         Spirit   .     m - ring of stealth
rCorr  .         Warding  .     (no ring)
rMut   .         Stasis   .     (no ring)
MR     .....                    (no ring)
Stlth  +++++.....               (no ring)
                                (no ring)
                                (no ring)
                                (no ring)

@: not resistant to hostile enchantments, quite stealthy
A: almost no armour, amphibious, 8 rings, constrict 8, camouflage 1, gelatinous
body 1
a: no special abilities


You were on level 3 of the Dungeon.
You were hungry.

You visited 1 branch of the dungeon, and saw 3 of its levels.

You collected 156 gold pieces.

Inventory:

Hand weapons
 h - a +0 dagger of venom (weapon)
 n - a cursed +0 hunting sling
 x - a +3 quarterstaff of chaos
Missiles
 k - 11 poisoned needles
 s - 8 javelins (quivered)
Armour
 b - a +0 hat (worn)
Jewellery
 m - a ring of stealth (left tentacle)
Scrolls
 e - a scroll of enchant armour {unknown}
 g - 3 scrolls of identify {unknown}
 i - a scroll of noise {unknown}
 p - a scroll of teleportation {unknown}
 r - a scroll of remove curse {unknown}
 t - 2 scrolls of enchant weapon {unknown}
 u - a scroll of blinking {unknown}
 y - a scroll of random uselessness {unknown}
Potions
 a - 2 potions of agility
 j - a potion of flight {unknown}
 o - a potion of restore abilities {unknown}
 q - a potion of magic {unknown}
 v - 2 potions of curing {unknown}
 z - a potion of cure mutation {unknown}
Books
 c - a book of Minor Magic

   Spells                             Type                      Level
   a - Magic Dart                     Conjuration                  1
   b - Blink                          Translocation                2
   c - Call Imp                       Summoning                    2
   d - Repel Missiles                 Charms/Air                   2
   e - Slow                           Hexes                        2
   f - Conjure Flame                  Conjuration/Fire             3
   g - Mephitic Cloud                 Conjuration/Poison/Air       3
Comestibles
 d - 3 bread rations
 f - a meat ration
 l - a fruit


   Skills:
 + Level 3.7 Dodging
 - Level 2.6 Stealth
 + Level 4.1 Spellcasting
 * Level 3.7 Conjurations
 - Level 1.0 Summonings
 - Level 1.0 Translocations


You couldn't memorise any spells.
You knew the following spells:

 Your Spells              Type           Power        Failure   Level  Hunger
a - Magic Dart            Conj           ###.         2%          1    None
b - Blink                 Tloc           N/A          12%         2    #......
c - Mephitic Cloud        Conj/Pois/Air  ##......     21%         3    ##.....
e - Conjure Flame         Conj/Fire      ##......     17%         3    ##.....
i - Call Imp              Summ           #.......     12%         2    #......
r - Repel Missiles        Chrm/Air       #.....       17%         2    #......


Dungeon Overview and Level Annotations

Branches:
Dungeon (3/15)

Altars:

Annotations:
D:3 ulk's ghost, average TrMo


Innate Abilities, Weirdness & Mutations

You cannot wear most types of armour.
You are amphibious.
You can wear up to eight rings at the same time.
You can use your tentacles to constrict many enemies at once.
Your skin changes colour to match your surroundings (Stealth).
Your rubbery body absorbs attacks (AC +1).


Message History

Confirm with . or Enter, or press ? or * to list all spells.
Aiming: Conjure Flame
Press: ? - help, Dir - move target cursor, p - ulk's ghost The fire roars!
Ulk's ghost is engulfed in roaring flames.
Casting: Conjure Flame
Confirm with . or Enter, or press ? or * to list all spells.
Aiming: Conjure Flame
Press: ? - help, Dir - move target cursor The fire roars!
You hit ulk's ghost but do no damage.
You squeeze ulk's ghost, but do no damage.
Ulk's ghost is moderately damaged.
Ulk's ghost is engulfed in roaring flames.
Ulk's ghost whispers, "Death is liberation."
Ulk's ghost hits you!!
Ouch! That really hurt!
Ulk's ghost is engulfed in roaring flames.
Ulk's ghost hits you!
You die...

###########
≈≈≈≈≈≈≈≈≈≈########
≈≈≈≈≈≈≈≈≈≈≈≈≈§§≈≈####
≈≈≈≈≈≈≈≈≈≈≈#####W≈≈≈##
############ #@≈≈≈≈#
#≈≈≈≈≈# #≈≈≈≈≈##
##≈≈≈≈≈≈# #≈≈≈≈≈≈≈#
#≈≈≈≈≈≈≈# #≈≈≈≈≈≈≈##
##≈≈≈≈≈≈≈# #≈≈≈≈≈≈≈#


You could see ulk's ghost.

Vanquished Creatures
  Crazy Yiuf (D:2)
  Jessica (D:2)
  Robin (D:3)
  8 adders
  A gnoll (D:2)
  A worm (D:2)
  4 giant geckos
  8 orcs
  12 bats
  18 goblins
  9 hobgoblins
  4 jackals (D:1)
  9 kobolds
  2 ball pythons
  5 giant cockroaches
  6 giant newts
  3 quokkas (D:2)
  3 rats (D:2)
  2 fungi (D:2)
98 creatures vanquished.

Notes
Turn   | Place    | Note
--------------------------------------------------------------
     0 | D:1      | RepoMan, the Octopode Wizard, began the quest for the Orb.
     0 | D:1      | Reached XP level 1. HP: 11/11 MP: 4/4
   580 | D:1      | Reached XP level 2. HP: 9/17 MP: 1/6
   748 | D:1      | Learned a level 2 spell: Blink
   751 | D:1      | Learned a level 2 spell: Call Imp
  1339 | D:1      | Upgraded the game from 0.16.1-16-gc44b35d to 0.16.1-30-g34a7ffa
  1353 | D:1      | Reached XP level 3. HP: 9/21 MP: 0/8
  1535 | D:1      | Learned a level 3 spell: Mephitic Cloud
  2030 | D:2      | You fall through a shaft!
  2050 | D:3      | Reached XP level 4. HP: 27/27 MP: 2/10
  2561 | D:2      | Noticed Jessica
  2597 | D:2      | Killed Jessica
  2886 | D:2      | Reached XP level 5. HP: 31/31 MP: 10/12
  2890 | D:2      | Learned a level 2 spell: Repel Missiles
  3177 | D:2      | Noticed Crazy Yiuf
  3198 | D:2      | Killed Crazy Yiuf
  3507 | D:3      | Noticed Robin
  3613 | D:3      | Killed Robin
  3613 | D:3      | Reached skill level 4 in Spellcasting
  3698 | D:3      | Noticed ulk's ghost (average TrMo)
  4306 | D:3      | Reached XP level 6. HP: 36/36 MP: 1/15
  4326 | D:3      | Learned a level 3 spell: Conjure Flame
  4597 | D:3      | Slain by ulk's ghost

Action                   |  1- 3 |  4- 6 || total
-------------------------+-------+-------++-------
Melee: Unarmed           |    23 |       ||    23
       Dagger            |    19 |    63 ||    82
 Cast: Magic Dart        |    88 |    99 ||   187
       Call Imp          |     2 |     3 ||     5
       Mephitic Cloud    |       |    14 ||    14
       Blink             |       |     1 ||     1
       Conjure Flame     |       |     2 ||     2
  Use: Potion            |       |     1 ||     1
 Stab: Sleeping          |       |     3 ||     3
       Confused          |       |     2 ||     2
  Eat: Chunk             |     3 |     8 ||    11
       Fruit             |       |     1 ||     1
